 Dungeon Crawl Stone Soup version 0.18.1-8-gdd0e5ea (webtiles) character file.

316 raph the Grave Robber (level 6, -4/51 HPs)
             Began as a Deep Dwarf Necromancer on May 22, 2016.
             Was a Follower of Makhleb.
             Slain by an ogre
             ... wielding a +0 giant spiked club
              (8 damage)
             ... on level 5 of the Dungeon.
             The game lasted 00:09:37 (4185 turns).

raph the Grave Robber (Deep Dwarf Necromancer)      Turns: 4185, Time: 00:09:38

Health: -4/51      AC:  4    Str: 14    XL:     6   Next: 20%
Magic:  1/9        EV: 13    Int: 15    God:    Makhleb [*.....]
Gold:   205        SH:  5    Dex: 13    Spells: 3 memorised, 4 levels left

rFire  . . .     SeeInvis .     z - +2 flail (crush)
rCold  . . .     Gourm    .     a - +0 robe
rNeg   . . .     Faith    .     (no shield)
rPois  .         Spirit   .     (no helmet)
rElec  .         Dismiss  .     p - +0 cloak
rCorr  +         Reflect  +     A - +0 pair of gloves (curse)
SustAt .         Harm     .     (no boots)
MR     .....                    t - +5 amulet of reflection
Stlth  +++.......               (no ring)
                                B - ring of resist corrosion

@: non-regenerating, not resistant to hostile enchantments, fairly stealthy
A: damage resistance, recharge devices, sense surroundings 1, slow regeneration
3
a: Device Recharging, Renounce Religion


You were on level 5 of the Dungeon.
You worshipped Makhleb.
Makhleb was aware of your devotion.
You were not hungry.

You visited 1 branch of the dungeon, and saw 5 of its levels.

You collected 205 gold pieces.

Inventory:

Hand Weapons
 g - a +0 whip
 j - a +1 dagger of venom
 n - a +0 hand axe
 r - a +0 war axe
 z - a +2 flail of crushing (weapon)
Missiles
 e - 104 stones (quivered)
Armour
 a - a +0 robe (worn)
 p - a +0 cloak (worn)
 A - a cursed +0 pair of gloves (worn)
Jewellery
 t - a +5 amulet of reflection (around neck)
 B - a ring of resist corrosion (left hand)
Wands
 c - a wand of heal wounds (4/9)
Scrolls
 h - a scroll of noise {unknown}
 i - a scroll of blinking {unknown}
 l - a scroll of recharging {unknown}
 s - 2 scrolls of remove curse {unknown}
 v - 3 scrolls of teleportation {unknown}
 y - 2 scrolls of immolation {unknown}
Potions
 f - a potion of haste {unknown}
 k - 2 potions of flight {unknown}
 m - 2 potions of berserk rage {unknown}
 q - a potion of curing {unknown}
 u - a potion of resistance {unknown}
 w - a potion of invisibility {unknown}
 x - a potion of might {unknown}
Books
 b - a book of Necromancy

   Spells                             Type                      Level
   a - Pain                           Necromancy                   1
   b - Animate Skeleton               Necromancy                   1
   c - Vampiric Draining              Necromancy                   3
   d - Regeneration                   Charms/Necromancy            3
   e - Animate Dead                   Necromancy                   4
   f - Control Undead                 Necromancy                   4
Comestibles
 d - 3 bread rations
 o - a meat ration


   Skills:
 + Level 1.4 Fighting
 + Level 1.8 Maces & Flails
 + Level 3.2 Dodging
 + Level 4.2 Stealth
 - Level 2.4 Spellcasting
 * Level 6.0 Necromancy


You had 4 spell levels left.
You knew the following spells:

 Your Spells              Type           Power        Failure   Level  Hunger
a - Pain                  Necr           ###.         1%          1    #......
b - Animate Skeleton      Necr           N/A          1%          1    #......
c - Vampiric Draining     Necr           ###.......   6%          3    ###....


Dungeon Overview and Level Annotations

Branches:
Dungeon (5/15)
 Temple: D:4-7

Altars:
Elyvilon
Makhleb
Zin
The Shining One

Annotations:
D:4 skk's ghost, novice GrFi


Innate Abilities, Weirdness & Mutations

You are resistant to damage.
You can recharge devices by infusing magical energy.
You passively map a small area around you.
You do not regenerate naturally.


Message History

Casting: Pain
Confirm with . or Enter, or press ? or * to list all spells.
Aiming: Vampiric Draining
Press: ? - help, Shift-Dir - straight line, f/p - ogre
Aim: an ogre, wielding a giant spiked club The ogre is moderately wounded.
You feel life coursing into your body.
The ogre hits you with a giant spiked club!
* * * LOW HITPOINT WARNING * * *
Casting: Vampiric Draining
Confirm with . or Enter, or press ? or * to list all spells.
Aiming: Vampiric Draining
Press: ? - help, Shift-Dir - straight line, f/p - ogre
Aim: an ogre, wielding a giant spiked club (moderately wounded)
The ogre is heavily wounded.
You feel life coursing into your body.
You barely miss the ogre.
The ogre is heavily wounded.
The ogre hits you with a giant spiked club!
You die...

, ##.....## ,,
#....##
########....#
............#
##....<.....#######
*
>...#.............#
..................#
...##....#........#
,,
.......#...@O.....#
, .
####.###......$.# *
#.............# * ,
...###........# #.
* #....[...# ,
#........# * ** *
########## *


You could see an ogre.

Vanquished Creatures
  A crimson imp (D:5)
  4 orc wizards (D:4)
  Ijyb (D:3)
  A gnoll (D:1)
  4 adders
  An ooze (D:1)
  A worm (D:2)
  2 dart slugs (D:1)
  A giant gecko (D:1)
  5 orcs (D:4)
  4 giant cockroaches
  13 goblins
  7 hobgoblins
  5 jackals
  A quokka (D:2)
  A ball python (D:1)
  8 bats
  4 giant newts
  5 kobolds
  6 rats (D:1)
75 creatures vanquished.

Vanquished Creatures (collateral kills)
  An ooze (D:3)
  A giant cockroach (D:3)
  A giant newt (D:2)
  A kobold (D:1)
4 creatures vanquished.

Grand Total: 79 creatures vanquished

Notes
Turn   | Place    | Note
--------------------------------------------------------------
     0 | D:1      | raph the Deep Dwarf Necromancer began the quest for the Orb.
     0 | D:1      | Reached XP level 1. HP: 15/15 MP: 3/3
   230 | D:1      | Reached XP level 2. HP: 22/22 MP: 0/4
   472 | D:1      | Reached XP level 3. HP: 25/28 MP: 1/6
   534 | D:1      | Learned a level 1 spell: Animate Skeleton
   538 | D:1      | Learned a level 3 spell: Vampiric Draining
   724 | D:1      | Reached skill level 5 in Necromancy
  1595 | D:2      | Reached XP level 4. HP: 33/37 MP: 1/7
  1956 | D:2      | Found a white marble altar of Elyvilon.
  2257 | D:3      | Found a glowing golden altar of the Shining One.
  2771 | D:3      | Found a burning altar of Makhleb.
  2782 | D:3      | Became a worshipper of Makhleb the Destroyer
  2793 | D:3      | Reached skill level 1 in Maces & Flails
  3228 | D:3      | Noticed Ijyb
  3253 | D:3      | Killed Ijyb
  3253 | D:3      | Reached XP level 5. HP: 34/43 MP: 0/8
  3553 | D:4      | Reached skill level 1 in Fighting
  3664 | D:4      | Reached * piety under Makhleb
  3681 | D:4      | Reached XP level 6. HP: 13/51 MP: 0/9
  4033 | D:4      | Noticed skk's ghost (novice GrFi)
  4038 | D:5      | Entered Level 5 of the Dungeon
  4039 | D:5      | Reached skill level 6 in Necromancy
  4157 | D:5      | Found a glowing silver altar of Zin.
  4183 | D:5      | HP: 1/51 [ogre/giant spiked club (13)]
  4185 | D:5      | Slain by an ogre

Skill      XL: |  1  2  3  4  5  6 |
---------------+-------------------+-----
Spellcasting   | 2 |  2.4
Stealth        | 3 4 |  4.2
Necromancy     | 5 6 |  6.0
Maces & Flails | 1 |  1.8
Fighting       | 1 |  1.4
Dodging        | 3 |  3.2

Action                   |  1- 3 |  4- 6 || total
-------------------------+-------+-------++-------
Melee: Whip              |     3 |       ||     3
       Unarmed           |     3 |       ||     3
       Hand axe          |     3 |     3 ||     6
       Dagger            |     2 |       ||     2
       War axe           |       |    31 ||    31
       Flail             |       |    18 ||    18
 Cast: Pain              |    56 |    71 ||   127
       Animate Skeleton  |    11 |    11 ||    22
       Vampiric Draining |     4 |     6 ||    10
Evoke: Wand              |       |     1 ||     1
 Stab: Sleeping          |       |     1 ||     1
  Eat: Chunk             |     4 |     7 ||    11
       Meat ration       |       |     1 ||     1
Armor: Robe              |     7 |    14 ||    21
Dodge: Dodged            |    21 |    57 ||    78
